 Dungeon Crawl Stone Soup version 0.18-a0-1485-g189885c (webtiles) character file.

2410 uiiiytp the Cleaver (level 9, -35/74 HPs)
             Began as a Deep Dwarf Fighter on Mar 3, 2016.
             Killed from afar by an orc warrior (41 damage)
             ... with an exploding inner flame
             ... hexed by the player character
             ... on level 7 of the Dungeon.
             The game lasted 00:38:09 (4339 turns).

uiiiytp the Cleaver (Deep Dwarf Fighter)            Turns: 4339, Time: 00:38:12

Health: -35/74     AC: 16    Str: 23    XL:     9   Next: 23%
Magic:  9/9        EV:  6    Int:  9    God:
Gold:   399        SH: 14    Dex: 10    Spells: 0 memorised, 8 levels left

rFire  . . .     SeeInvis .     a - +2 war axe
rCold  . . .     Gourm    .     A - +2 chain mail
rNeg   . . .     Faith    .     o - +2 shield
rPois  +         Spirit   .     m - +2 helmet
rElec  .         Dismiss  .     x - +0 cloak
rCorr  +         Reflect  +     j - +0 pair of gloves
SustAt .         Harm     .     (no boots)
MR     +....                    J - +3 amulet of reflection
Stlth  ..........               (no ring)
                                C - ring of resist corrosion

@: non-regenerating, somewhat resistant to hostile enchantments, extremely
unstealthy
A: damage resistance, recharge devices, blink, clumsy 1, sense surroundings 2,
poison resistance, slow regeneration 3, subdued magic 1
a: Device Recharging, Blink


You were on level 7 of the Dungeon.
You were not hungry.

You visited 1 branch of the dungeon, and saw 7 of its levels.

You collected 399 gold pieces.

Inventory:

Hand Weapons
 a - a +2 war axe (weapon)
 d - a +0 club
 n - a +3 dagger
 s - a +0 hunting sling
 B - a +2 dagger of venom
 D - a +2 shortbow of flaming
 F - a +3 dagger of chaos
 H - a +0 shortbow
 I - a +0 shortbow
 K - a +0 shortbow
 O - a +0 shortbow
Armour
 b - a +0 scale mail
 c - a +0 shield
 j - a +0 pair of gloves (worn)
 m - a +2 helmet (worn)
 o - a +2 shield (worn)
 t - the +1 robe of the Fiend {Str+3 Stlth+, unknown}
   (You found it on level 7 of the Dungeon)

   It affects your strength (+3).
   It makes you more stealthy.
 x - a +0 cloak (worn)
 A - a +2 chain mail (worn)
Jewellery
 C - a ring of resist corrosion (left hand)
 G - an uncursed ring of wizardry
 J - a +3 amulet of reflection (around neck)
Wands
 e - a wand of heal wounds (0/9)
 v - a wand of flame (8/48)
 E - a wand of flame (17/48)
 L - a wand of iceblast (3/15)
Scrolls
 h - 3 scrolls of identify
 l - 4 scrolls of teleportation
 q - 2 scrolls of remove curse
 y - a scroll of magic mapping
 M - a scroll of immolation
 N - a scroll of blinking
Potions
 w - a potion of brilliance
 z - a potion of degeneration
Books
 p - a book of Conjurations

   Spells                             Type                      Level
   a - Magic Dart                     Conjuration                  1
   b - Searing Ray                    Conjuration                  2
   c - Dazzling Spray                 Conjuration/Hexes            3
   d - Fulminant Prism                Conjuration/Hexes            4
   e - Iskenderun's Mystic Blast      Conjuration                  4
   f - Iskenderun's Battlesphere      Conjuration/Charms           5
 r - a book of Frost

   Spells                             Type                      Level
   a - Freeze                         Ice                          1
   b - Throw Frost                    Conjuration/Ice              2
   c - Ozocubu's Armour               Charms/Ice                   3
   d - Throw Icicle                   Conjuration/Ice              4
   e - Summon Ice Beast               Ice/Summoning                4
Comestibles
 f - 9 bread rations
 g - 5 meat rations
 i - 8 beef jerkies
 k - 2 slices of pizza
 u - 3 fruits


   Skills:
 - Level 2.6 Fighting
 + Level 13.1 Axes
 - Level 3.2 Armour
 - Level 1.6 Dodging
 - Level 3.2 Shields


You had 8 spell levels left.
You didn't know any spells.

Dungeon Overview and Level Annotations

Branches:
Dungeon (7/15)             Temple (0/1) D:5

Altars:
Cheibriados
Dithmenos
Elyvilon
Makhleb
Trog
Xom

Shops:
D:5 *   D:6 ?


Innate Abilities, Weirdness & Mutations

You are resistant to damage.
You can recharge devices by infusing magical energy.
You passively map the area around you.
You do not regenerate naturally.
You can translocate small distances at will.
You are clumsy. (Dex -2)
Your system is resistant to poisons.
Your spells are a little easier to cast, but a little less powerful.


Message History

Read which item? (? for menu, Esc to quit)
As you read the scroll of immolation, it crumbles to dust.
The creatures around you are filled with an inner flame!
You block the orc's attack. Something hits you but does no damage.
You block the orc warrior's attack.
You are too injured to fight recklessly!
You closely miss the orc.
The orc is almost dead.
You barely miss the orc warrior.
The orc warrior is almost dead.
You hit something. You block the orc's attack.
Something hits you but does no damage.
You slash the orc warrior!
The orc warrior explodes!
The fiery explosion engulfs something.
The fiery explosion engulfs the orc.
The orc explodes!
Reactivating autopickup.
You feel a bit more experienced. The fiery explosion engulfs you!
Ouch! That really hurt!
You die...

############ #..........#
* * * #######.########@#
, , #.......########§#
,,,,
+..............§§§......,
,
#.......###...§§§§%....#
*** * ........#
#............# * ,
......(.###............#
........#.+............#
*
........#.#.....%......#
,, ,
........#..............#,
,,


There were no monsters in sight!

Vanquished Creatures
  A troll (D:5)
  An ice beast (D:6)
  2 ogres (D:7)
  5 centaurs
  2 big kobolds (D:7)
  A giant frog (D:6)
  3 scorpions
  5 killer bees (D:7)
  A howler monkey (D:5)
  5 crimson imps
  A giant frog zombie (D:5)
  A jelly (D:6)
  2 hounds (D:5)
  A giant frog skeleton (D:7)
  An orc priest (D:5)
  A centaur skeleton (D:5)
  An iguana (D:4)
  Natasha (twice) (D:3)
  3 orc wizards
  4 worker ants
  A hound zombie (D:6)
  A worker ant zombie (D:5)
  4 gnolls (D:5)
  6 adders
  A shadow imp (D:5)
  2 adder zombies (D:5)
  A worm (D:2)
  A dart slug (D:2)
  4 giant geckos
  12 orcs
  A ball python (D:4)
  5 bats
  4 giant cockroaches
  7 goblins
  5 hobgoblins
  10 jackals
  4 quokkas
  3 giant newts (D:2)
  14 kobolds
  7 rats
136 creatures vanquished.

Vanquished Creatures (others)
  A centaur (D:7)
1 creature vanquished.

Grand Total: 137 creatures vanquished

Notes
Turn   | Place    | Note
--------------------------------------------------------------
     0 | D:1      | uiiiytp the Deep Dwarf Fighter began the quest for the Orb.
     0 | D:1      | Reached XP level 1. HP: 20/20 MP: 1/1
   415 | D:1      | Reached XP level 2. HP: 21/27 MP: 2/2
   510 | D:1      | Reached skill level 3 in Axes
   750 | D:2      | Reached XP level 3. HP: 33/33 MP: 3/3
   806 | D:2      | Reached skill level 1 in Dodging
   999 | D:2      | Reached skill level 4 in Axes
  1212 | D:3      | Reached XP level 4. HP: 21/40 MP: 4/4
  1343 | D:3      | Noticed Natasha
  1372 | D:3      | Killed Natasha
  1611 | D:3      | Noticed a moth of wrath
  1613 | D:3      | Found a bloodstained altar of Trog.
  1627 | D:3      | Reached skill level 5 in Axes
  1755 | D:3      | Noticed Natasha
  1762 | D:3      | Killed Natasha
  1841 | D:4      | Found a white marble altar of Elyvilon.
  1902 | D:4      | Reached XP level 5. HP: 46/46 MP: 5/5
  1989 | D:4      | Found a shimmering altar of Xom.
  2009 | D:4      | Reached skill level 6 in Axes
  2175 | D:4      | Gained mutation: Scrolls take you a little longer to read. [potion of mutation]
  2175 | D:4      | Gained mutation: Your spells are a little easier to cast, but a little less powerful. [potion of mutation]
  2175 | D:4      | Lost mutation: Scrolls take you a little longer to read. [potion of mutation]
  2178 | D:4      | Reached XP level 6. HP: 39/55 MP: 6/6
  2462 | D:4      | Found a burning altar of Makhleb.
  2462 | D:4      | Noticed an Executioner
  2465 | D:4      | Noticed a hellwing
  2465 | D:4      | Noticed a smoke demon
  2522 | D:5      | Entered Level 5 of the Dungeon
  2534 | D:5      | Reached skill level 7 in Axes
  2689 | D:5      | Reached skill level 8 in Axes
  2694 | D:5      | Reached XP level 7. HP: 53/61 MP: 7/7
  2812 | D:5      | Reached skill level 9 in Axes
  2821 | D:5      | Noticed a troll
  2835 | D:5      | Killed a troll
  2915 | D:5      | Found a staircase to the Ecumenical Temple.
  3025 | D:5      | Found Jepecwea's Assorted Antiques.
  3311 | D:6      | Reached skill level 10 in Axes
  3339 | D:6      | Reached XP level 8. HP: 43/68 MP: 8/8
  3476 | D:6      | Reached skill level 11 in Axes
  3522 | D:6      | Found a shadowy altar of Dithmenos.
  3615 | D:6      | Found Qareadd's Magic Scroll Emporium.
  3734 | D:6      | Found a snail-covered altar of Cheibriados.
  3919 | D:7      | Reached skill level 12 in Axes
  3956 | D:7      | Gained mutation: You are clumsy. (Dex -2) [potion of mutation]
  3956 | D:7      | Gained mutation: You can translocate small distances at will. [potion of mutation]
  3956 | D:7      | Gained mutation: Your system is resistant to poisons. [potion of mutation]
  3965 | D:7      | Gained mutation: You passively map the area around you. [Deep Dwarf growth]
  3965 | D:7      | Reached XP level 9. HP: 22/74 MP: 9/9
  4145 | D:7      | Got a smoking robe
  4262 | D:7      | Reached skill level 13 in Axes
  4339 | D:7      | Killed from afar by an orc warrior

Vault maps used:
D:1:      dpeg_arrival_tiny_a
D:3:      tgw_trog, first_bread, uniq_natasha
D:4:      wad_pebble_path, led_xom_imps, lemuel_crystal_altar,
          makhleb_altar_promises_db
D:5:      minmay_temple_entry_junction, serial_shops, shop,
          kennysheep_generic_room_10
D:6:      nicolae_whirlpool, kennysheep_little_box, lemuel_doored_altar,
          serial_shops, shop
D:7:      grunt_ogre_cave

Skill      XL: |  1  2  3  4  5  6  7  8  9 |
---------------+----------------------------+-----
Axes           | 3 4 5 6 8 10 12 13 | 13.1
Dodging        | 1 |  1.6
Fighting       | |  2.6
Armour         | |  3.2
Shields        | |  3.2

Action                   |  1- 3 |  4- 6 |  7- 9 || total
-------------------------+-------+-------+-------++-------
Melee: War axe           |   139 |   205 |   203 ||   547
Evoke: Wand              |     1 |     2 |    11 ||    14
  Use: Scroll            |     6 |     2 |    12 ||    20
       Potion            |       |     7 |     3 ||    10
  Eat: Meat ration       |     1 |     1 |     1 ||     3
